 Dungeon Crawl Stone Soup version 0.20-a0-910-gb611367 (webtiles) character file.

301 KristoblXynda the Covered (level 6, -1/47 HPs)
             Began as a Formicid Fighter on Mar 23, 2017.
             Slain by an orc
             ... wielding a +0 hand axe
              (5 damage)
             ... on level 3 of the Dungeon.
             The game lasted 00:03:59 (1577 turns).

KristoblXynda the Covered (Formicid Fighter)        Turns: 1577, Time: 00:04:00

Health: -1/47      AC:  9    Str: 21    XL:     6   Next: 64%
Magic:  6/6        EV:  8    Int:  7    God:
Gold:   147        SH:  9    Dex: 10    Spells: 5/5 levels left

rFire    . . .     SeeInvis +   a - +0 war axe
rCold    + . .     Gourm    .   b - +0 scale mail
rNeg     . . .     Faith    .   c - +0 shield
rPois    .         Spirit   .   (helmet unavailable)
rElec    .         Reflect  .   (no cloak)
rCorr    .         Harm     .   v - +0 pair of gloves
MR       .....                  l - +0 pair of boots
Stlth    ..........             (no amulet)
Regen    0.2/turn               (no ring)
MPRegen  0.1/turn               t - ring of protection from cold

@: very slightly contaminated, invisible
A: permanent stasis, dig shafts and tunnels, four strong arms, antennae 3, dopey
1, mutation resistance 1
a: Dig, Shaft Self


You were on level 3 of the Dungeon.
You were not hungry.

You visited 1 branch of the dungeon, and saw 3 of its levels.

You collected 147 gold pieces.

Inventory:

Hand Weapons
 a - a +0 war axe (weapon)
Missiles
 u - 3 javelins (quivered)
Armour
 b - a +0 scale mail (worn)
 c - a +0 shield (worn)
 l - a +0 pair of boots (worn)
 v - a +0 pair of gloves (worn)
Jewellery
 t - a ring of protection from cold (left hand)
Scrolls
 g - a scroll of amnesia {unknown}
 h - a scroll of random uselessness {unknown}
 j - a scroll of noise {unknown}
 k - a scroll of fog {unknown}
 o - a scroll of immolation {unknown}
 p - a scroll of magic mapping {unknown}
 r - a scroll of remove curse {unknown}
 s - 2 scrolls of fear {unknown}
Potions
 d - 2 potions of might
 e - a potion of brilliance
 q - a potion of lignification
Comestibles
 f - a bread ration
 n - a chunk of flesh


   Skills:
 - Level 3.2 Fighting
 * Level 4.8 Axes
 + Level 5.1 Armour
 - Level 4.6 Shields


You had 5 spell levels left.
You didn't know any spells.

Dungeon Overview and Level Annotations

Branches:
Dungeon (3/15)

Altars:
Yredelemnul


Innate Abilities, Weirdness & Mutations

You cannot be hasted, slowed, berserked, paralysed or teleported.
You can dig through walls and to a lower floor.
Your four strong arms can wield two-handed weapons with a shield.
You have a pair of large antennae on your head. (SInv)
You are dopey. (Int -2)
You are somewhat resistant to further mutation.


Message History

The orc hits you but does no damage.
Unknown command.
It was a potion of invisibility.
You fade into invisibility!
The orc closely misses you. You block the orc's attack.
The orc closely misses you.
You are very lightly contaminated with residual magic.
Unknown command.
You hit the orc.
The orc is heavily wounded.
You hit the orc. x2; You closely miss the orc.
The orc completely misses you.
You block the orc's attack. x2; The orc hits you with a club.
* * * LOW HITPOINT WARNING * * *
The orc barely misses you. The orc hits you but does no damage.
You slash the orc!
You kill the orc!
You slash the orc!
You kill the orc!
You closely miss the orc. You hit the orc. The orc hits you with a hand axe.
You die...

.......).......#
.%..)..........#
................#
................#
................#
................#
.......(.......#
............)).#
##########..@..#
#.)oo.+ #.....#
#....># #####.#
.# .# .#


You could see 2 orcs.

Vanquished Creatures
  A human (D:3)
  An orc wizard (D:3)
  Jessica (D:2)
  2 adders
  A worm (D:2)
  A dart slug (D:2)
  3 leopard geckos
  7 orcs
  8 bats
  3 giant cockroaches
  11 goblins
  8 hobgoblins
  10 jackals
  A quokka (D:2)
  A ball python (D:3)
  5 frilled lizards
  A jackal zombie (D:3)
  A kobold (D:2)
  7 rats
73 creatures vanquished.

Notes
Turn   | Place    | Note
-------+----------+-------------------------------------------
     0 | D:1      | KristoblXynda the Formicid Fighter began the quest for the Orb.
     0 | D:1      | Reached XP level 1. HP: 18/18 MP: 1/1
   127 | D:1      | Reached XP level 2. HP: 24/24 MP: 2/2
   244 | D:1      | Reached XP level 3. HP: 17/29 MP: 3/3
   814 | D:2      | Noticed Jessica
   823 | D:2      | Killed Jessica
   823 | D:2      | Reached skill level 4 in Armour
   823 | D:2      | Reached XP level 4. HP: 33/35 MP: 4/4
  1268 | D:2      | Reached XP level 5. HP: 39/41 MP: 5/5
  1308 | D:3      | Found a runed door.
  1308 | D:3      | Noticed a human
  1328 | D:3      | Found a basalt altar of Yredelemnul.
  1351 | D:3      | Killed a human
  1351 | D:3      | Reached XP level 6. HP: 43/47 MP: 6/6
  1428 | D:3      | Reached skill level 5 in Armour
  1574 | D:3      | Gained mutation: You are dopey. (Int -2) [potion of mutation]
  1574 | D:3      | Gained mutation: You are somewhat resistant to further mutation. [potion of mutation]
  1577 | D:3      | Slain by an orc

Vault maps used:
D:1:      lemuel_arrival_hallway
D:2:      minmay_strange_pillars, uniq_jessica
D:3:      nicolae_overflow_hidden_temple, dk_yredelemnul_ordeal

Skill      XL: |  1  2  3  4  5  6 |
---------------+-------------------+-----
Shields        | 4 |  4.6
Axes           | 3 4 |  4.8
Armour         | 4 5 |  5.1
Fighting       | |  3.2

Action                   |  1- 3 |  4- 6 || total
-------------------------+-------+-------++-------
Melee: War axe           |    85 |   127 ||   212
  Use: Scroll            |       |     2 ||     2
       Potion            |       |     2 ||     2
 Stab: Distracted        |       |     1 ||     1
  Eat: Chunk             |       |     3 ||     3
Armor: Scale mail        |    39 |    69 ||   108
Dodge: Dodged            |    30 |    52 ||    82
Block: Shield            |    54 |    93 ||   147
